AoeStats
← Kaiser Ze

Arena

510022371Analyzed
1v1 RM · 2d ago on Sep 29, 2026· 28m 56s· 2 players
Game mode
Random Map
Map size
Tiny (2 player)
Population
200
Speed
Normal
Resources
Standard
Victory
Conquest
Starting age
Dark Age
Ending age
Imperial Age
RankedLock teamsTeams togetherTeam positionsShared explorationLock speedFull tech treeHidden civsTurbo modeCheats
Victory
Defeat
🇨🇳 Japanese · China
1250
+15
🇦🇷 Cumans · Argentina
1233
-15
Tucu-Man
6:58 Loom
9:47 Feudal Age
10:32 Double-Bit Axe
11:44 Horse Collar
13:39 Wheelbarrow
20:20 Castle Age
18:42 Stone Mining
19:12 Fletching
19:45 Gold Mining
21:21 Bow Saw
21:15 Heavy Plow
23:19 Bodkin Arrow
27:02 Town Watch
Kaiser Ze
10:13 Feudal Age
14:50 Castle Age
15:55 Loom
20:34 Scale Mail Armor
20:44 Forging
21:48 Arson
24:36 Squires
24:22 Gambesons
25:13 Chain Mail Armor
Connection lost

Rejoining the realm…

Still unreachable

The connection could not be restored.

Session expired

The server has moved on; the page needs a fresh start.